 Dungeon Crawl Stone Soup version 0.31-a0-460-g9e667d4245 (webtiles) character file.

Game seed: 14426218040623308836

1695902 Snarg the Impregnable (level 27, 235/235 HPs)
             Began as a Demonspawn Wanderer on Mar 25, 2023.
             Was the Champion of Okawaru.
             Escaped with the Orb
             ... and 3 runes on Aug 5, 2023!
             The game lasted 09:48:35 (69271 turns).

Snarg the Impregnable (Demonspawn Wanderer)        Turns: 69271, Time: 09:48:36

Health: 235/235    AC: 42    Str: 22    XL:     27
Magic:  36/36      EV: 17    Int: 27    God:    Okawaru [******]
Gold:   4149       SH: 18    Dex: 16    Spells: 29/36 levels left

rFire   + + .        a - +6 broad axe of Oozing Pus {flame, rC+}
rCold   + . .        Z - +4 kite shield {reflect}
rNeg    . . .        x - +6 plate armour "Gigi" {rF++ Int+3}
rPois   .            (helmet unavailable)
rElec   .            u - +2 cloak {Will+}
rCorr   +            P - +2 pair of gloves {hurl}
SInv    +            v - +3 pair of mountain boots {steadfast, rC+}
Will    ++++.        S - amulet of regeneration
Stlth   +            A - ring "Feuth" {Will+ rCorr Int+6 SInv Stlth+}
HPRegen 1.39/turn    F - ring of Puil {rC- EV+5 Int+3 Slay+5}
MPRegen 0.25/turn

%: reflection
@: studying 3 skills
A: horns 3, ignite blood 3, powered by pain 3, sharp scales 3, corrupting
presence 2, word of chaos
0: Orb of Zot
}: 3/15 runes: decaying, silver, gossamer
a: Word of Chaos, Renounce Religion, Heroism, Finesse, Duel


You escaped.
You worshipped Okawaru.
Okawaru was exalted by your worship.
You visited 11 branches of the dungeon, and saw 50 of its levels.
You also visited: Ice Cave and Desolation.

You collected 6430 gold pieces.
You spent 2281 gold pieces at shops.

Inventory:

Hand Weapons
 a - the +6 broad axe of Oozing Pus (weapon) {flame, rC+}
   (Okawaru gifted it to you on level 4 of the Lair of Beasts)

   rC:        It protects you from cold.
 b - the +0 broad axe "Kikikkull" {heavy, rC+ rN+}
   (Okawaru gifted it to you on level 13 of the Dungeon)

   rC:        It protects you from cold.
   rN:        It protects you from negative energy.
 i - the +27 heavy crossbow "Sniper" {heavy, Acc+∞ SInv}
   (You found it on level 3 of the Crypt)

   Acc+∞: It never misses its target.
   SInv:      It lets you see invisible.
 H - a +3 hand crossbow of flaming
Missiles
 d - 21 silver javelins
 e - 11 atropa-tipped darts
 f - 2 boomerangs (quivered)
 h - 9 boomerangs of dispersal
 j - 14 javelins
 s - 2 throwing nets
 w - 7 curare-tipped darts
Armour
 u - a +2 cloak of willpower (worn)
 v - the +3 pair of mountain boots (worn) {steadfast, rC+}
   (You found it on level 14 of the Dungeon)

   Steadfast: It prevents involuntary movement, except for blinking,
   teleportation, or banishment.
   rC:        It protects you from cold.
 x - the +6 plate armour "Gigi" (worn) {rF++ Int+3}
   (You found it in the Desolation of Salt)

   Int:       It affects your intelligence (+3).
   rF:        It greatly protects you from fire.
 P - a +2 pair of gloves of hurling (worn)
 Z - a +4 kite shield of reflection (worn)
Jewellery
 c - the ring of Xom's Ringing Laughter {+Blink rF+ Int-4 SInv}
   (You took it off a fire giant on level 5 of the Vaults)

   [ring of protection from fire]

   Int:       It affects your intelligence (-4).
   rF:        It protects you from fire.
   SInv:      It lets you see invisible.
   +Blink:    It lets you blink.
 A - the ring "Feuth" (left hand) {Will+ rCorr Int+6 SInv Stlth+}
   (You found it on level 5 of the Lair of Beasts)

   [ring of intelligence]

   Int:       It affects your intelligence (+6).
   SInv:      It lets you see invisible.
   rCorr:     It protects you from acid and corrosion.
   Will:      It increases your willpower.
   Stlth:     It makes you more stealthy.
 F - the ring of Puil (right hand) {rC- EV+5 Int+3 Slay+5}
   (You found it on level 1 of the Orcish Mines)

   [ring of evasion]

   EV:        It affects your evasion (+5).
   Int:       It affects your intelligence (+3).
   Slay:      It affects your accuracy & damage with ranged weapons and melee
   (+5).
   rC:        It makes you vulnerable to cold.
 G - a ring of flight
 I - the ring "Waykahob" {rC+ rN+ Int+3}
   (You took it off a skeletal warrior on level 3 of the Crypt)

   [ring of positive energy]

   Int:       It affects your intelligence (+3).
   rC:        It protects you from cold.
   rN:        It protects you from negative energy.
 S - an amulet of regeneration (around neck)
 T - the ring "Sokoduga" {rElec rPois rF+ Str+2 Dex+3}
   (You found it in the Desolation of Salt)

   [ring of protection from fire]

   Str:       It affects your strength (+2).
   Dex:       It affects your dexterity (+3).
   rF:        It protects you from fire.
   rElec:     It insulates you from electricity.
   rPois:     It protects you from poison.
Wands
 k - a wand of digging (19)
 o - a wand of flame (124)
 q - a wand of mindburst (10)
 y - a wand of polymorph (43)
 J - a wand of roots (16)
 K - a wand of light (7)
Scrolls
 g - 13 scrolls of teleportation
 m - 3 scrolls of blinking
 t - 6 scrolls of immolation {use freely}
 z - a scroll of enchant armour
 B - 4 scrolls of revelation
 O - 3 scrolls of silence
 Q - 2 scrolls of fog
 R - a scroll of fear
 U - 6 scrolls of poison
Potions
 n - 3 potions of might
 p - 4 potions of berserk rage
 r - 5 potions of cancellation
 C - a potion of magic
 D - 10 potions of curing
 E - 4 potions of heal wounds
 L - 5 potions of enlightenment
 M - 3 potions of haste
 N - 4 potions of resistance
 X - a potion of invisibility
 Y - 5 potions of ambrosia
Miscellaneous
 l - a lightning rod (4/4)
 V - a removed chess piece
 W - a tin of tremorstones (2/2)


   Skills:
 - Level 23.0 Fighting
 - Level 18.2 Axes
 - Level 2.7 Ranged Weapons
 + Level 14.9 Throwing
 + Level 23.3 Armour
 - Level 11.0 Dodging
 - Level 10.0 Stealth
 - Level 15.0 Shields
 - Level 5.0 Spellcasting
 - Level 12.0 Translocations
 - Level 8.0 Transmutations
 - Level 18.0 Invocations
 + Level 11.5 Evocations
 - Level 6.6 Shapeshifting


You had 29 spell levels left.
You knew the following spells:

 Your Spells              Type           Power      Damage    Failure   Level
b - Wereblood             Tmut           49%        N/A       3%          2
c - Apportation           Tloc           100%       N/A       1%          1
d - Manifold Assault      Tloc           64%        N/A       3%          4

Your spell library contained the following spells:

 Spells                   Type           Power      Damage    Failure   Level
 Gell's Gravitas          Tloc           64%        N/A       1%          3
 Teleport Other           Tloc           64%        N/A       1%          3
 Passage of Golubria      Tloc           64%        N/A       3%          4
 Momentum Strike          Conj/Tloc      78%        3d10      7%          2
 Portal Projectile        Hex/Tloc       78%        N/A       14%         3
 Volatile Blastmotes      Fire/Tloc      78%        2d16      14%         3
 Passwall                 Tmut/Erth      23%        N/A       16%         2
 Iskenderun's Mystic Bla  Conj/Tloc      39%        2d9       41%         4
 Foxfire                  Conj/Fire      24%        2x1d5     47%         1
 Freeze                   Ice            24%        1d4       47%         1
 Magic Dart               Conj           24%        1d4       47%         1
 Necrotise                Necr           24%        1d5       47%         1
 Sandblast                Erth           12%        2d6       47%         1
 Dispersal                Tloc           32%        N/A       52%         6
 Ensorcelled Hibernation  Hex/Ice        12%        N/A       63%         2
 Poisonous Vapours        Pois/Air       12%        N/A       63%         2
 Static Discharge         Conj/Air       12%        2-3/arc   63%         2
 Sublimation of Blood     Necr           6%         N/A       63%         2
 Petrify                  Tmut/Erth      28%        N/A       71%         4
 Frozen Ramparts          Ice            12%        1d2       85%         3
 Hailstorm                Conj/Ice       6%         3d4       85%         3
 Inner Flame              Hex/Fire       6%         N/A       85%         3
 Mephitic Cloud           Conj/Pois/Air  6%         N/A       85%         3
 Stone Arrow              Conj/Erth      12%        3d7       85%         3
 Swiftness                Air            6%         N/A       85%         3
 Vampiric Draining        Necr           6%         2d6       85%         3
 Irradiate                Conj/Tmut      14%        3d16      96%         5
 Yara's Violent Unravell  Hex/Tmut       14%        3d7       96%         5
 Airstrike                Air            3%         2d(1-17)  99%         4
 Cause Fear               Hex            3%         N/A       99%         4
 Flame Wave               Conj/Fire      6%         2d5       99%         4
 Fulminant Prism          Conj/Hex       3%         3d5       99%         4
 Leda's Liquefaction      Hex/Erth       3%         N/A       99%         4
 Olgreb's Toxic Radiance  Pois           6%         N/A       99%         4
 Sticky Flame             Conj/Fire      6%         2d3       99%         4
 Agony                    Necr           6%         N/A       100%        5
 Freezing Cloud           Conj/Ice/Air   3%         6-21      100%        5
 Iskenderun's Battlesphe  Conj           6%         2d6       100%        5
 Lee's Rapid Deconstruct  Erth           3%         3d5*      100%        5
 Metabolic Englaciation   Hex/Ice        3%         N/A       100%        5
 Leda's Unmaking          Conj/Erth      3%         9d1       100%        6
 Starburst                Conj/Fire      3%         6d3       100%        6
 Enfeeble                 Hex            3%         N/A       100%        7
 Orb of Destruction       Conj           3%         9d5       100%        7
 Discord                  Hex            3%         N/A       100%        8
 Disjunction              Tloc           32%        N/A       100%        8
 Ignition                 Fire           3%         3d4       100%        8
 Lehudib's Crystal Spear  Conj/Erth      3%         10d2      100%        8
 Chain Lightning          Conj/Air       3%         3d4       100%        9
 Fire Storm               Conj/Fire      3%         8d1       100%        9
 Shatter                  Erth           3%         3d7*      100%        9
 Summon Small Mammal      Summ           Unusable   N/A       N/A         1
 Call Imp                 Summ           Unusable   N/A       N/A         2
 Call Canine Familiar     Summ           Unusable   N/A       N/A         3
 Summon Guardian Golem    Hex/Summ       Unusable   N/A       N/A         3
 Tukima's Dance           Hex            Unusable   N/A       N/A         3
 Animate Armour           Summ/Erth      Unusable   N/A       N/A         4
 Summon Ice Beast         Ice/Summ       Unusable   N/A       N/A         4
 Summon Lightning Spire   Summ/Air       Unusable   N/A       N/A         4
 Malign Gateway           Summ/Tloc      Unusable   N/A       N/A         7
 Spellforged Servitor     Conj/Summ      Unusable   N/A       N/A         7
 Dragon's Call            Summ           Unusable   N/A       N/A         9

Dungeon Overview and Level Annotations

Branches:
Dungeon (15/15)            Temple (1/1) D:4            Lair (5/5) D:10
  Swamp (4/4) Lair:2       Spider (4/4) Lair:3        Slime (0/5) Lair:5
    Orc (2/2) D:11            Elf (2/3) Orc:2        Vaults (5/5) D:13
  Crypt (3/3) Vaults:2       Tomb (0/3) Crypt:3      Depths (4/4) D:15
    Zot (5/5) Depths:4      IceCv (visited)         Desolation (visited)

Altars:
Ashenzari
Cheibriados
Dithmenos
Fedhas
Gozag
Hepliaklqana
Kikubaaqudgha
Makhleb
Nemelex Xobeh
Okawaru
Qazlal
Ru
Sif Muna
Trog
Uskayaw
Vehumet
Wu Jian
Xom
Yredelemnul

Shops:
D:8 *   D:12 !   Orc:2 ***[*   Depths:2 *

Portals:
Hell: Depths:1 Depths:2 Depths:3 Depths:4
Abyss: Depths:3
Pandemonium: Depths:2
Ziggurat: Depths:1
Trove: Vaults:4 (show abyssal rune of Zot)

Annotations:
D:1 clr
D:2 clrclr
D:3 clr
D:4 clr
D:5 clr
D:6 clr
D:7 clr
D:9 clr
D:10 clr
D:11 clr
D:12 clr
D:13 clr
D:14 clr
D:15 Roxanne
Lair:1 stash, good Ice scales
Lair:2 clr
Lair:3 clr
Lair:4 clr
Lair:5 clr
Swamp:1 clr
Swamp:2 clr
Swamp:3 clr
Swamp:4 clr
Spider:1 clr
Spider:2 clr
Spider:3 2 runed translucent doors, Zoefix's ghost, adept MfHs
Spider:4 clr
Orc:1 clr
Orc:2 clr
Elf:1 clr
Elf:2 clr
Vaults:1 clr
Vaults:2 clr
Vaults:3 clr
Vaults:4 clr
Vaults:5 clr
Crypt:1 c;r
Crypt:3 clr, 1 exclusion
Depths:1 clr
Depths:3 clr
Depths:4 clr
Zot:1 clr
Zot:2 clr
Zot:3 clr
Zot:4 clr
Zot:5 clear....


Innate Abilities, Weirdness & Mutations

You have a pair of large horns on your head.
Your demonic aura causes all spilled blood to erupt in flames.
You are powered by pain.
You are completely covered in razor-sharp scales. (AC +3, Slay +3)
Your presence sometimes corrodes or deforms those you injure.
You can speak a Word of Chaos.


Message History

You climb upwards.
Level annotation: clr
There is a stone staircase leading down here.
(D) Dungeon (T) Temple (L) Lair (S) Swamp (N) Spider Nest (M) Slime Pits (O) Orcish Mines (E) Elven Halls (V) Vaults (C) Crypt (W) Tomb (U) Depths (H) Hell (Z) Zot
Where to? (* - list waypoints, Enter - D:4 @ (x,y), ? - help)
What level of the Dungeon? (default 1, ? - help)
There is a stone staircase leading up here.
You climb upwards.
Level annotation: clrclr
There is a stone staircase leading down here.
You see here a +0 robe.
There is a stone staircase leading up here.
You climb upwards.
Level annotation: clr
There is a stone staircase leading down here.
A hell beast comes into view.
You slice the hell beast!! You burn the hell beast!
The hell beast twists and deforms.
The hell beast is moderately wounded.
The hell beast bites you but does no damage.
The hell beast tramples you but does no damage.
You slice the hell beast!! You burn the hell beast.
The hell beast is severely wounded.
You block the hell beast's attack.
The hell beast tramples you but does no damage.
You slash the hell beast! You burn the hell beast.
You headbutt the hell beast!!
You kill the hell beast!
Okawaru accepts your kill.
No target in view!
(D) Dungeon (T) Temple (L) Lair (S) Swamp (N) Spider Nest (M) Slime Pits (O) Orcish Mines (E) Elven Halls (V) Vaults (C) Crypt (W) Tomb (U) Depths (H) Hell (Z) Zot
Where to? (* - list waypoints, Enter - D:1 @ (x,y), ? - help)
There is a staircase leading out of the dungeon here.
You have escaped!

.......#
#......####............
.......#
#......##..............
########
##..##.##.###.......###
#......##.# #.......#
#......##.###.......###
#.#.#####.##...........
#......##..'...........
#......#####...........
###...@# ##..........
#......# #..........
#......# #..........
###.##.# ####..........
#......# #........####.
#......# #......### #.
#.#.#.## #......# ##
#......# #......# #
#......# #......# ####


There were no monsters in sight!

Vanquished Creatures
  3 orbs of fire
  4 dread liches
  Mennas (Crypt:3)
  3 ancient liches
  A juggernaut (Depths:1)
  Sojobo (Vaults:4)
  Vv (Depths:4)
  4 Killer Klowns (Zot:5)
  the Lernaean hydra (Swamp:4)
  Bai Suzhen (Swamp:4)
  A curse toe (Arena)
  2 caustic shrikes
  6 golden dragons
  Jory (Vaults:5)
  Arachne (Spider:2)
  3 bone dragons
  5 electric golems
  A Brimstone Fiend (Zot:1)
  16 tentacled monstrosities
  Mlioglotl (Swamp:2)
  A walking crystal tome (Depths:4)
  28 Orb Guardians
  Jorgrun (Elf:1)
  5 liches
  2 walking earthen tomes
  A walking divine tome (Depths:3)
  4 titans
  12 death cobs
  11 quicksilver dragons
  Frances (D:13)
  5 sphinxes
  9 ancient champions
  Donald (Elf:1)
  10 tengu reavers
  13 storm dragons
  5 revenants
  10 draconian monks
  15 shadow dragons
  4 draconian knights
  3 iron dragons
  13 frost giants
  15 fire giants
  2 balrugs
  10 vault wardens
  3 curse skulls
  12 draconian scorchers
  4 emperor scorpions (Spider:2)
  An angel (D:4)
  A deep elf sorcerer (Vaults:5)
  4 ghouls
  An imperial myrmidon (Desolation)
  8 ghost moths
  6 draconian shifters
  2 spriggan defenders (Depths:1)
  A war gargoyle (Vaults:3)
  A caustic shrike zombie (Crypt:1)
  9 very ugly things
  4 draconian stormcallers
  19 ironbound preservers
  A reaper (IceCv)
  6 broodmothers
  3 formless jellyfish
  The ghost of meatpath the Warrior, a journeyman MiBe of Trog (Lair:4)
  19 stone giants
  An orc warlord (Vaults:3)
  9 draconian annihilators
  14 black draconians
  6 ironbound thunderhulks
  A caustic shrike skeleton (Crypt:3)
  16 dire elephants
  13 red draconians
  20 white draconians
  2 halazid warlocks (Desolation)
  4 deep elf demonologists
  19 yellow draconians
  7 vampire knights
  The ghost of Rauqumuf the Devastator, a journeyman TeAE of Qazlal (Orc:1)
  2 deep elf annihilators (Vaults:5)
  7 eleionomae
  15 green draconians
  24 purple draconians
  11 spark wasps
  2 bunyips
  8 deep elf death magi
  4 crystal guardians
  13 ettins
  2 eidola (Crypt:1)
  5 entropy weavers
  11 fire dragons
  A mummy priest (Crypt:3)
  8 jiangshi
  12 ragged hierophants (Desolation)
  18 yaktaur captains
  6 deep elf high priests
  6 great orbs of eyes
  2 rakshasas
  33 vault guards
  4 jorogumos
  17 hydras
  8 servants of whispers (Desolation)
  12 ice dragons
  13 peacekeepers
  2 ogre magi (Orc:2)
  5 spriggan air magi
  2 ghost crabs (Swamp:4)
  Harold (D:11)
  21 centaur warriors
  3 catoblepae
  The ghost of Newt the Pandemonic, a journeyman DsGl of Makhleb (Lair:2)
  Erica (Orc:1)
  3 spriggan skeletons
  5 boulder beetles
  A fenstrider witch skeleton (Crypt:1)
  4 radroaches
  5 hell beasts
  4 ironbound frosthearts
  5 death knights
  27 dancing weapons
  9 two-headed ogres
  The ghost of relicbr the Marksspriggan, a journeyman SpDe of Dithmenos (Lair:3)
  A two-headed ogre (shapeshifter) (Vaults:5)
  7 alligators
  7 deep troll shamans
  2 hell hogs (D:15)
  8 death yaks
  10 vampire magi
  An orc high priest (Orc:1)
  13 deep troll earth magi
  7 tengu warriors
  Urug (Orc:2)
  4 titan skeletons
  7 spriggan berserkers
  10 hell knights
  3 soul eaters
  Sonja (D:13)
  11 spriggans
  Nergalle (D:11)
  17 deep elf knights
  8 goliath frogs
  3 iron trolls
  3 shadow wraiths
  50 skeletal warriors
  A sun moth (Spider:2)
  52 deep trolls
  A golden dragon zombie (Crypt:1)
  8 pharaoh ants
  2 skysharks
  10 bog bodies
  A cherub (D:6)
  A ghost moth zombie (Crypt:2)
  2 glowing orange brains
  12 orb spiders
  5 spriggan druids
  2 bunyip skeletons (Crypt:3)
  11 orc knights
  28 ironbound convokers
  14 swamp dragons
  9 flayed ghosts
  7 deep elf archers
  14 phantasmal warriors
  5 wizards
  22 deep elf zephyrmancers
  13 necromancers
  27 deep elf pyromancers
  A shadow dragon zombie (Vaults:4)
  6 steelbarb worms
  6 lindwurms
  2 anaconda skeletons (Crypt:3)
  A golden dragon skeleton (Crypt:3)
  An iron dragon zombie (Crypt:3)
  A mana viper (shapeshifter) (Depths:1)
  29 wolf spiders
  5 orc sorcerers
  23 ugly things
  2 frost giant zombies (Depths:3)
  A wolf spider (shapeshifter) (Vaults:1)
  A goliath frog skeleton (Crypt:1)
  6 manticores
  A stone giant zombie (Vaults:4)
  7 will-o-the-wisps
  An oklob plant (Lair:3)
  9 cyclopes
  A stone giant skeleton (Crypt:3)
  18 elephants
  29 moths of wrath
  Maurice (D:13)
  An iron dragon skeleton (Crypt:3)
  2 ice statues (IceCv)
  2 salamanders (Depths:2)
  A titan simulacrum (Depths:3)
  A black mamba (shapeshifter) (Depths:2)
  3 guardian serpents (Desolation)
  A smoke demon (Depths:2)
  7 torpor snails
  4 black mambas
  Maggie (D:8)
  4 cane toads
  2 molten gargoyles (Desolation)
  2 orange demons
  6 gargoyles
  A rime drake (shapeshifter) (D:13)
  15 vault sentinels
  A yellow draconian zombie (Crypt:1)
  A black draconian zombie (Crypt:2)
  A green draconian zombie (Crypt:2)
  11 demonic crawlers
  20 yaktaurs
  2 unseen horrors
  A kobold demonologist (D:11)
  7 ice devils
  4 freezing wraiths
  3 rime drakes
  3 efreet (D:13)
  3 tengu conjurers (D:13)
  11 komodo dragons
  An unseen horror skeleton (Crypt:3)
  A minotaur skeleton (Crypt:1)
  A polar bear (shapeshifter) (D:14)
  A queen bee (Lair:3)
  A polar bear (Lair:5)
  A bloated husk (Swamp:2)
  12 meliai
  14 trolls
  A troll (shapeshifter) (D:15)
  2 hellwings (Depths:2)
  A queen bee (shapeshifter) (D:15)
  11 hornets
  73 saltlings (Desolation)
  Grinder (D:6)
  6 guardian mummies (Crypt:3)
  A harpy zombie (Crypt:1)
  A harpy skeleton (Crypt:3)
  A hydra skeleton (Crypt:3)
  48 tarantellas
  A wolf spider simulacrum (D:14)
  9 tyrant leeches
  7 blink frogs
  A fire giant simulacrum (Vaults:4)
  5 dream sheep (Lair:5)
  An alligator skeleton (Crypt:2)
  12 flying skulls
  21 slime creatures
  2 ettin skeletons
  25 jumping spiders
  6 air elementals
  A shadow (D:11)
  3 centaur simulacra
  3 vampires
  A satyr skeleton (Crypt:2)
  2 water elementals (Elf:1)
  An ice dragon skeleton (Crypt:1)
  33 culicivoras
  A human (D:9)
  8 wraiths
  A tyrant leech zombie (Crypt:1)
  45 yaks
  A wyvern (Lair:1)
  6 basilisks
  2 fire elementals (Elf:1)
  3 death yak simulacra (IceCv)
  3 vampire mosquitoes (D:13)
  An elf skeleton (Vaults:4)
  2 swamp worms (shapeshifter)
  A warg (Orc:1)
  Edmund (D:5)
  A harpy simulacrum (IceCv)
  16 swamp worms
  A two-headed ogre zombie (D:11)
  53 redbacks
  A naga zombie (Crypt:1)
  A hydra simulacrum (IceCv)
  11 water moccasins
  A floating eye (Depths:2)
  5 acid dragons
  5 swamp drakes (Swamp:4)
  A merfolk skeleton (Crypt:2)
  2 swamp dragon zombies
  A two-headed ogre skeleton (Crypt:2)
  13 orc warriors
  An ice beast (D:7)
  A sky beast (D:8)
  2 black bears
  22 ogres
  12 centaurs
  11 wolves
  2 human skeletons
  5 phantoms
  A rime drake zombie (Crypt:3)
  2 hog zombies (Crypt:3)
  2 kobold brigands (D:7)
  A bullfrog (shapeshifter) (Elf:1)
  12 bullfrogs
  3 two-headed ogre simulacra (IceCv)
  A cyclops zombie (Crypt:1)
  2 necrophages (Crypt:3)
  2 scorpions
  A yaktaur skeleton (Crypt:1)
  2 cane toad simulacra (IceCv)
  2 gnoll sergeants
  An earth elemental (Elf:1)
  6 wights
  16 killer bees
  7 howler monkeys
  4 electric eels (Lair:5)
  5 hounds
  2 jellies (D:6)
  Crazy Yiuf (D:3)
  7 orc priests
  2 gnoll boudas
  3 sleepcaps
  4 centaur skeletons (Crypt:3)
  8 iguanas
  17 orc wizards
  Natasha (D:3)
  3 troll simulacra (IceCv)
  A wolf simulacrum (IceCv)
  A polar bear simulacrum (IceCv)
  8 ogre zombies
  4 naga skeletons
  Robin (D:3)
  21 gnolls
  2 naga simulacra (IceCv)
  10 adders
  4 white imps
  3 ufetubi (IceCv)
  4 worms
  3 dart slugs
  40 orcs
  10 endoplasms
  3 giant cockroaches
  14 goblins
  7 hobgoblins
  2 jackals (D:3)
  6 quokkas
  12 ball pythons
  3 bats
  8 frilled lizards
  A goblin skeleton (D:11)
  3 goblin zombies (D:11)
  A hobgoblin skeleton (D:11)
  3 hobgoblin zombies (D:11)
  21 kobolds
  A kobold zombie (D:9)
  3 orc skeletons (D:11)
  14 orc zombies (D:11)
  A quokka skeleton (Crypt:2)
  4 rats
  A rat skeleton (Crypt:1)
2389 creatures vanquished.

Vanquished Creatures (collateral kills)
  A centaur (D:5)
1 creature vanquished.

Vanquished Creatures (others)
  A vault guard (Vaults:5)
  An ice dragon (Depths:1)
  A boulder beetle (D:13)
  A deep elf knight (Elf:2)
  A moth of wrath (Zot:3)
  A troll (D:13)
  A slime creature (D:13)
  8 foxfires
15 creatures vanquished.

Grand Total: 2405 creatures vanquished

Notes
Turn   | Place    | Note
-------+----------+-------------------------------------------
     0 | D:1      | Snarg the Demonspawn Wanderer began the quest for the Orb.
     0 | D:1      | Snarg set off with the following items: a +1 hand axe, a
                  | wand of polymorph (11), a scroll of vulnerability, a +0
                  | robe.
     0 | D:1      | Reached XP level 1. HP: 19/19 MP: 1/1
    15 | D:1      | You fall into a shaft and drop 1 floor!
   152 | D:2      | Gained mutation: You sometimes gain a little power by
                  | taking damage. [demonic ancestry]
   152 | D:2      | Reached XP level 2. HP: 25/25 MP: 2/2
   152 | D:2      | Upgraded the game from 0.30-a0-939-gc8157cb160 to
                  | 0.30-a0-949-g53dc5368d7
   489 | D:1      | Reached XP level 3. HP: 29/31 MP: 3/3
   908 | D:2      | Reached skill level 1 in Stealth
   991 | D:2      | Gained mutation: You have a pair of small horns on your
                  | head. [demonic ancestry]
   991 | D:2      | Reached XP level 4. HP: 38/38 MP: 4/4
  1466 | D:2      | Upgraded the game from 0.30-a0-949-g53dc5368d7 to
                  | 0.30-a0-964-gd452b5e7fa
  1574 | D:3      | Noticed Robin
  1592 | D:3      | Killed Robin
  1770 | D:3      | Reached XP level 5. HP: 26/43 MP: 5/5
  1779 | D:3      | Reached skill level 1 in Throwing
  2135 | D:3      | HP: 2/43 [orc priest/+0 hand axe (3)]
  2364 | D:3      | Found a runed translucent door.
  2365 | D:3      | Noticed Crazy Yiuf
  2573 | D:3      | Noticed Natasha
  2574 | D:3      | Killed Natasha
  2575 | D:3      | Reached skill level 5 in Fighting
  2973 | D:4      | Found a stormy altar of Qazlal.
  3024 | D:4      | Gained mutation: Your demonic aura sometimes causes spilled
                  | blood to erupt in flames. [demonic ancestry]
  3024 | D:4      | Reached XP level 6. HP: 51/51 MP: 6/6
  3106 | D:4      | Noticed an orc warrior
  3112 | D:4      | Killed an orc warrior
  3301 | D:4      | Reached XP level 7. HP: 54/57 MP: 7/7
  3384 | D:4      | Found a staircase to the Ecumenical Temple.
  3623 | D:4      | Found a blossoming altar of Fedhas.
  3657 | D:4      | Found a burning altar of Makhleb.
  3659 | D:4      | Noticed an Executioner
  4318 | Temple   | Entered the Ecumenical Temple
  4407 | Temple   | Upgraded the game from 0.30-a0-964-gd452b5e7fa to
                  | 0.30-a0-1008-g30c9307041
  4431 | D:5      | Entered Level 5 of the Dungeon
  4452 | D:5      | Found an iron altar of Okawaru.
  4668 | D:5      | Noticed Edmund
  4669 | D:5      | Upgraded the game from 0.30-a0-1008-g30c9307041 to
                  | 0.30-a0-1112-gfb780f5df6
  4675 | D:5      | Killed Edmund
  4676 | D:5      | Gained mutation: You are partially covered in razor-sharp
                  | scales. (AC +1, Slay +1) [demonic ancestry]
  4676 | D:5      | Reached XP level 8. HP: 65/65 MP: 8/8
  5780 | D:6      | Reached skill level 5 in Axes
  5952 | D:6      | Noticed Grinder
  5966 | D:6      | Gained mutation: You have a pair of horns on your head.
                  | [demonic ancestry]
  5966 | D:6      | Reached XP level 9. HP: 72/72 MP: 9/9
  5970 | D:6      | Reached skill level 1 in Armour
  6002 | D:6      | Killed Grinder
  6103 | D:6      | Noticed a +0 short sword
  6104 | D:6      | Noticed a +0 spear
  6104 | D:6      | Noticed a +0 falchion
  6105 | D:6      | Noticed a +0 dagger
  6105 | D:6      | Noticed a +0 falchion
  6106 | D:6      | Noticed a +0 spear
  6106 | D:6      | Noticed a +0 short sword
  6125 | D:6      | Found a hide-covered altar of Uskayaw.
  6125 | D:6      | Noticed a +0 dagger
  6447 | D:7      | Reached skill level 5 in Dodging
  6447 | D:7      | Reached skill level 5 in Stealth
  7145 | D:7      | Reached skill level 5 in Throwing
  7832 | D:5      | Became a worshipper of Warmaster Okawaru
  8192 | D:8      | Noticed Maggie
  8194 | D:8      | Reached skill level 5 in Evocations
  8399 | D:8      | Identified the +10 sling "Laocsukk" {heavy, Str+3}
  8402 | D:8      | Found a hazy altar of Hepliaklqana.
  8465 | D:8      | Noticed a two-headed ogre
  8471 | D:8      | Reached * piety under Okawaru
  8472 | D:8      | Reached XP level 10. HP: 79/79 MP: 10/10
  8484 | D:8      | Killed a two-headed ogre
  8485 | D:8      | Reached skill level 1 in Ranged Weapons
  8485 | D:8      | Reached skill level 1 in Invocations
  8542 | D:8      | Killed Maggie
  8572 | D:8      | Found Ediuge's Island Escapes.
  8829 | D:8      | Reached ** piety under Okawaru
  8941 | D:9      | Noticed a two-headed ogre
  9095 | D:9      | Found a runed translucent door.
  9103 | D:9      | Found a basalt altar of Yredelemnul.
  9143 | D:9      | Identified the +3 rapier of Fundamental Breach {flame,
                  | rPois}
  9172 | D:9      | Found a snail-covered altar of Cheibriados.
  9259 | D:9      | Found a shimmering altar of Xom.
  9664 | D:10     | Entered Level 10 of the Dungeon
  9790 | D:10     | Found a staircase to the Lair.
  9800 | D:10     | Noticed a gargoyle
  9927 | D:10     | Reached skill level 5 in Armour
  9940 | D:10     | Found a sacrificial altar of Ru.
 10063 | D:10     | Reached *** piety under Okawaru
 10064 | D:10     | Reached XP level 11. HP: 84/84 MP: 14/14
 10072 | D:10     | Reached skill level 5 in Invocations
 10446 | D:10     | Found a bloodstained altar of Trog.
 10447 | D:10     | Found an ornate altar of the Wu Jian Council.
 10496 | D:10     | Found a sparkling altar of Nemelex Xobeh.
 10531 | Lair:1   | Entered Level 1 of the Lair of Beasts
 10540 | Lair:1   | Upgraded the game from 0.30-a0-1112-gfb780f5df6 to
                  | 0.30-a0-1114-gd936c97349
 10981 | Lair:1   | Learned a level 7 spell: Beastly Appendage
 10984 | Lair:1   | Learned a level 2 spell: Wereblood
 11409 | Lair:1   | Reached skill level 1 in Transmutations
 11570 | Lair:2   | Found a staircase to the Swamp.
 11591 | Lair:2   | Reached **** piety under Okawaru
 11597 | Lair:2   | Reached skill level 10 in Axes
 11682 | Lair:2   | Found a transporter.
 11686 | Lair:2   | Noticed a spriggan rider
 11803 | Lair:2   | Noticed a spriggan rider
 11804 | Lair:2   | Found a transporter.
 11807 | Lair:2   | Found a bloodstained altar of Trog.
 11839 | Lair:2   | Noticed Newt's ghost (journeyman DsGl)
 12450 | Lair:3   | Found a shimmering altar of Xom.
 12451 | Lair:3   | Noticed an oklob plant
 12470 | Lair:3   | Found a hole to the Spider Nest.
 12494 | Lair:3   | Reached ***** piety under Okawaru
 12580 | Lair:3   | Noticed a skyshark
 12885 | Lair:3   | Reached skill level 1 in Spellcasting
 13241 | Lair:3   | Found a transporter.
 13243 | Lair:3   | Found a transporter.
 13244 | Lair:3   | Noticed relicbr's ghost (journeyman SpDe)
 13311 | Lair:4   | Identified the +6 broad axe of Oozing Pus {flame, rC+}
                  | (Okawaru gifted it to you on level 4 of the Lair of Beasts)
 13311 | Lair:4   | Received a gift from Okawaru
 13351 | Lair:4   | Found a large runed translucent door.
 13352 | Lair:4   | Found a large runed translucent door.
 13356 | Lair:4   | Noticed meatpath's ghost (journeyman MiBe)
 13384 | Lair:4   | Identified the +7 scale mail of Egalitarianism {Str+4
                  | Stlth+}
 13572 | Lair:4   | Reached XP level 12. HP: 87/91 MP: 16/16
 13612 | Lair:4   | Noticed a four-headed hydra
 13632 | Lair:4   | Killed a one-headed hydra
 13957 | Lair:4   | Noticed a catoblepas
 14355 | Lair:4   | Killed a catoblepas
 14355 | Lair:4   | Identified the +0 pair of boots "Cylaot Uno" {rElec Dex+5}
                  | (Okawaru gifted it to you on level 4 of the Lair of Beasts)
 14355 | Lair:4   | Received a gift from Okawaru
 14554 | D:11     | Noticed Harold
 14570 | D:11     | Killed Harold
 14665 | D:11     | Reached skill level 5 in Transmutations
 14752 | D:11     | Found a staircase to the Orcish Mines.
 15140 | D:11     | Noticed Nergalle
 15167 | D:11     | Killed Nergalle
 15770 | Lair:5   | Entered Level 5 of the Lair of Beasts
 16320 | Lair:5   | Noticed a death yak
 16329 | Lair:5   | Noticed a death yak
 16330 | Lair:5   | Noticed a death yak
 16336 | Lair:5   | Noticed a death yak
 16338 | Lair:5   | Noticed a death yak
 16339 | Lair:5   | Killed a death yak
 16340 | Lair:5   | Gained mutation: You have a pair of large horns on your
                  | head. [demonic ancestry]
 16340 | Lair:5   | Reached XP level 13. HP: 66/96 MP: 19/19
 16453 | Lair:5   | Upgraded the game from 0.30-a0-1114-gd936c97349 to
                  | 0.30-a0-1157-g2cc9ac7196
 16520 | Lair:5   | Received a gift from Okawaru
 16757 | Lair:5   | Found a staircase to the Slime Pits.
 16829 | Lair:5   | Received a gift from Okawaru
 17148 | Lair:5   | Identified the +5 pair of gloves of the Fifty Leylines
                  | {+Inv rF+++ rC+++ Str-4} (Okawaru gifted it to you on level
                  | 5 of the Lair of Beasts)
 17148 | Lair:5   | Received a gift from Okawaru
 17824 | Lair:5   | Noticed a dire elephant
 17847 | Lair:5   | Killed a dire elephant
 17892 | Lair:5   | Identified the ring "Feuth" {Will+ rCorr Int+6 SInv Stlth+}
 18091 | Orc:1    | Entered Level 1 of the Orcish Mines
 18202 | Orc:1    | Noticed Erica
 18212 | Orc:1    | Killed Erica
 18413 | Orc:1    | Found a runed translucent gate.
 18413 | Orc:1    | Found a runed translucent gate.
 18413 | Orc:1    | Found a runed translucent gate.
 18426 | Orc:1    | Noticed Rauqumuf's ghost (journeyman TeAE)
 18436 | Orc:1    | Identified the +7 plate armour of Rysew {rPois rC+ Will+
                  | Int-2}
 18456 | Orc:1    | Gained mutation: You are mostly covered in razor-sharp
                  | scales. (AC +2, Slay +2) [demonic ancestry]
 18456 | Orc:1    | Reached XP level 14. HP: 71/106 MP: 21/21
 18468 | Orc:1    | Identified the scarf of Sihearod {harm, +Inv Dex+3}
                  | (Okawaru gifted it to you on level 1 of the Orcish Mines)
 18468 | Orc:1    | Received a gift from Okawaru
 18491 | Orc:1    | Killed Rauqumuf's ghost
 18522 | Orc:1    | Identified the ring of Puil {rC- EV+5 Int+3 Slay+5}
 18734 | Orc:2    | Entered Level 2 of the Orcish Mines
 18734 | Orc:2    | Found a frozen archway.
 18742 | IceCv    | Entered an ice cave
 18897 | IceCv    | Noticed a reaper
 18917 | IceCv    | Killed a reaper
 19482 | Orc:2    | Found a staircase to the Elven Halls.
 19606 | Orc:2    | Noticed Urug
 19614 | Orc:2    | Killed Urug
 19858 | Orc:2    | Found Daviurgh's Mayhem Merchandise.
 20059 | Orc:2    | Found Aschumul's Assorted Antiques.
 20060 | Orc:2    | Found Ebuuckot's Assorted Antiques.
 20074 | Orc:2    | Reached skill level 15 in Axes
 20079 | Orc:2    | Reached skill level 1 in Shields
 20084 | Orc:2    | Reached ****** piety under Okawaru
 20084 | Orc:2    | Received a gift from Okawaru
 20102 | Orc:2    | Found Aribugoe's Antique Armour Boutique.
 20114 | Orc:2    | Found Edghuwneejo's Assorted Antiques.
 20396 | Lair:1   | Upgraded the game from 0.30-a0-1157-g2cc9ac7196 to
                  | 0.30-a0-1160-g6e42c06551
 20432 | Swamp:1  | Entered Level 1 of the Swamp
 20443 | Swamp:1  | Reached skill level 10 in Fighting
 20929 | Swamp:1  | Upgraded the game from 0.30-a0-1160-g6e42c06551 to
                  | 0.31-a0-4-gefa6de2278
 21063 | Swamp:2  | Reached XP level 15. HP: 91/115 MP: 20/22
 21075 | Swamp:2  | Noticed Mlioglotl
 21197 | Swamp:2  | Upgraded the game from 0.31-a0-4-gefa6de2278 to
                  | 0.31-a0-18-gea43df2a32
 21369 | Swamp:2  | Received a gift from Okawaru
 21768 | D:3      | Killed Crazy Yiuf
 22071 | Lair:2   | Killed Newt's ghost
 22251 | Lair:3   | Identified the +2 cloak of Generosity {-Cast rElec Will+}
                  | (Okawaru gifted it to you on level 3 of the Lair of Beasts)
 22251 | Lair:3   | Received a gift from Okawaru
 22292 | Lair:3   | Killed relicbr's ghost
 22508 | Lair:4   | Killed meatpath's ghost
 22897 | Swamp:2  | Killed Mlioglotl
 23080 | Swamp:3  | Reached skill level 10 in Invocations
 23774 | Swamp:4  | Entered Level 4 of the Swamp
 24380 | Swamp:4  | Received a gift from Okawaru
 24451 | Swamp:4  | Noticed Bai Suzhen
 24476 | Swamp:4  | Killed Bai Suzhen
 24806 | Swamp:4  | Identified the +1 pair of boots of Jaimin {rCorr Str+5
                  | Slay-3} (Okawaru gifted it to you on level 4 of the Swamp)
 24806 | Swamp:4  | Received a gift from Okawaru
 24807 | Swamp:4  | Reached XP level 16. HP: 122/122 MP: 24/24
 25230 | Swamp:4  | Noticed the 27-headed Lernaean hydra
 25234 | Swamp:4  | Killed the 27-headed Lernaean hydra
 25241 | Swamp:4  | Reached skill level 10 in Armour
 25392 | Swamp:4  | Got a decaying rune of Zot
 25704 | Spider:1 | Entered Level 1 of the Spider Nest
 27053 | Spider:2 | Identified the +0 crystal plate armour of the Monkey
                  | {Will+} (Okawaru gifted it to you on level 2 of the Spider
                  | Nest)
 27053 | Spider:2 | Received a gift from Okawaru
 27237 | Spider:2 | Reached skill level 5 in Shields
 27589 | Spider:2 | Gained mutation: Your demonic aura often causes spilled
                  | blood to erupt in flames. [demonic ancestry]
 27589 | Spider:2 | Reached XP level 17. HP: 81/133 MP: 25/25
 27700 | Spider:2 | Paralysed by a hornet for 1 turns
 27877 | Spider:2 | Noticed Arachne
 27882 | Spider:2 | Received a gift from Okawaru
 27890 | Spider:2 | Killed Arachne
 28197 | Spider:2 | Upgraded the game from 0.31-a0-18-gea43df2a32 to
                  | 0.31-a0-75-g6fe912e8c5
 28843 | Spider:3 | Upgraded the game from 0.31-a0-75-g6fe912e8c5 to
                  | 0.31-a0-150-g89dc3ad700
 29382 | Spider:3 | Found a large runed translucent door.
 29385 | Spider:3 | Found a large runed translucent door.
 29388 | Spider:3 | Noticed Zoefix's ghost (adept MfHs)
 29745 | Spider:4 | Entered Level 4 of the Spider Nest
 29763 | Spider:4 | Received a gift from Okawaru
 30237 | Spider:4 | Received a gift from Okawaru
 30798 | Spider:4 | Found the +2 pair of slick slippers {slick, slippery, EV+4}
 30810 | Spider:4 | Got a gossamer rune of Zot
 31123 | Lair:1   | Upgraded the game from 0.31-a0-150-g89dc3ad700 to
                  | 0.31-a0-187-gba352fbbf7
 31833 | D:12     | Found Puahogidu's Distillery.
 32003 | D:13     | Noticed Maurice
 32007 | D:13     | Killed Maurice
 32083 | D:13     | Noticed Frances
 32085 | D:13     | Reached XP level 18. HP: 121/146 MP: 27/27
 32089 | D:13     | Noticed Sonja
 32094 | D:13     | Killed Frances
 32102 | D:13     | Killed Sonja
 32881 | D:13     | Identified the +0 broad axe "Kikikkull" {heavy, rC+ rN+}
                  | (Okawaru gifted it to you on level 13 of the Dungeon)
 32881 | D:13     | Received a gift from Okawaru
 32964 | D:13     | Found a gate to the Vaults.
 33779 | D:14     | Found the +3 pair of mountain boots {steadfast, rC+}
 34445 | D:15     | Entered Level 15 of the Dungeon
 34525 | D:15     | Identified the +3 broad axe of Yshrokul {pain, rElec}
 34535 | D:15     | Found an ornate altar of the Wu Jian Council.
 34635 | D:15     | Identified Roxanne's Cyclopedia of the Switch
 34635 | D:15     | Noticed Roxanne
 34722 | D:15     | Found a snail-covered altar of Cheibriados.
 34825 | D:15     | Found a staircase to the Depths.
 35560 | Vaults:1 | Entered Level 1 of the Vaults
 35610 | Vaults:1 | Found a crumbling gateway.
 35647 | Desolati | Entered the Desolation of Salt
 35731 | Desolati | Received a gift from Okawaru
 35803 | Desolati | Received a gift from Okawaru
 35810 | Desolati | Reached skill level 10 in Throwing
 36070 | Desolati | Identified the +5 executioner's axe of Okawaru's Esteem
                  | {antimagic, *Slow rC++ rCorr Int+4} (Okawaru gifted it to
                  | you in the Desolation of Salt)
 36070 | Desolati | Received a gift from Okawaru
 36116 | Desolati | Gained mutation: Your demonic aura causes all spilled blood
                  | to erupt in flames. [demonic ancestry]
 36116 | Desolati | Reached XP level 19. HP: 153/153 MP: 28/28
 36184 | Desolati | Identified the +6 plate armour "Gigi" {rF++ Int+3}
 36190 | Desolati | Identified the +7 short sword "Spiderbane" {freeze, rC-
                  | Int+6 Dex+4}
 36193 | Desolati | Identified the +2 short sword "Ukesm" {elec, Will+ Str+3}
 36197 | Desolati | Identified the +0 ring mail of Hots {rF++ rC+ Dex-2}
 36288 | Desolati | Got the Atlas of Mud and Changes
 36379 | Desolati | Got the Opusculum on Massed Fulmination
 36387 | Desolati | Identified the ring "Sokoduga" {rElec rPois rF+ Str+2
                  | Dex+3}
 36442 | Desolati | Received a gift from Okawaru
 37329 | Vaults:1 | Received a gift from Okawaru
 37376 | Vaults:1 | Noticed a Tzitzimitl
 37380 | Vaults:1 | Reached skill level 10 in Dodging
 37384 | Vaults:1 | Received a gift from Okawaru
 37880 | Vaults:1 | Identified the staff "Orb Guardian's Foe" {Contam rC+ Str+5
                  | Ice}
 37884 | Vaults:1 | Received a gift from Okawaru
 38168 | Vaults:1 | Reached skill level 15 in Fighting
 38348 | Vaults:1 | Upgraded the game from 0.31-a0-187-gba352fbbf7 to
                  | 0.31-a0-196-g86fe4a5e66
 38696 | Vaults:2 | Received a gift from Okawaru
 39414 | Vaults:2 | Identified the scarf "Tazxyhuc" {harm, rCorr Str+3}
                  | (Okawaru gifted it to you on level 2 of the Vaults)
 39414 | Vaults:2 | Received a gift from Okawaru
 39531 | Vaults:2 | Found a staircase to the Crypt.
 39987 | Vaults:2 | Reached XP level 20. HP: 166/166 MP: 30/30
 40216 | Vaults:3 | Upgraded the game from 0.31-a0-196-g86fe4a5e66 to
                  | 0.31-a0-198-g2ad674f65e
 40517 | Vaults:3 | Received a gift from Okawaru
 40552 | Vaults:3 | Received a gift from Okawaru
 40618 | Vaults:3 | Received a gift from Okawaru
 40926 | Vaults:3 | Reached skill level 15 in Armour
 41607 | Vaults:3 | Paralysed by a great orb of eyes for 3 turns
 41709 | Vaults:3 | Paralysed by a formless jellyfish for 1 turns
 42155 | Vaults:4 | Received a gift from Okawaru
 42483 | Vaults:4 | Identified a scroll of acquirement
 42657 | Vaults:4 | Acquired a manual of Invocations
 42810 | Vaults:4 | Received a gift from Okawaru
 43031 | Vaults:4 | Noticed Sojobo
 43041 | Vaults:4 | Paralysed by an air elemental for 1 turns
 43052 | Vaults:4 | Killed Sojobo
 43153 | Vaults:4 | Found a portal to a secret trove of treasure.
 43192 | Vaults:4 | Received a gift from Okawaru
 43600 | Lair:1   | Upgraded the game from 0.31-a0-198-g2ad674f65e to
                  | 0.31-a0-202-g547052bce9
 43727 | Depths:1 | Entered Level 1 of the Depths
 43743 | Depths:1 | Gained mutation: Your presence sometimes corrodes those you
                  | injure. [demonic ancestry]
 43743 | Depths:1 | Reached XP level 21. HP: 180/180 MP: 31/31
 43754 | Depths:1 | Received a gift from Okawaru
 43908 | Depths:1 | Found a one-way gateway to a ziggurat.
 44134 | Depths:1 | Identified the +10 shortbow of the Witching Gods {heavy,
                  | Fly rPois MP+9 Stlth+}
 44189 | Depths:1 | Received a gift from Okawaru
 44192 | Depths:1 | Paralysed by a sphinx for 2 turns
 44197 | Depths:1 | Reached skill level 15 in Invocations
 44205 | Depths:1 | Identified the +7 scimitar of the Moth {antimagic, rC++
                  | Will+ rCorr Int+3} (Okawaru gifted it to you on level 1 of
                  | the Depths)
 44205 | Depths:1 | Received a gift from Okawaru
 44236 | Depths:1 | Identified the +2 leather armour of Peek-a-Boo {rElec}
 44238 | Depths:1 | Got the Octavo of Brilliant Austromancy
 44241 | Depths:1 | Learned a level 1 spell: Apportation
 44309 | Depths:1 | Found a gateway to Hell.
 44676 | Depths:1 | Noticed a juggernaut
 44685 | Depths:1 | Killed a juggernaut
 44686 | Depths:1 | Reached skill level 1 in Translocations
 44755 | Depths:1 | Noticed a caustic shrike
 44761 | Depths:1 | Killed a caustic shrike
 45358 | Depths:2 | Identified the +1 cloak of Altruism {rN++ Str-3 Int-2
                  | Stlth+} (Okawaru gifted it to you on level 2 of the Depths)
 45358 | Depths:2 | Received a gift from Okawaru
 45437 | Depths:2 | Identified the +9 trident of Duty {flame, rF+ Str+3 Dex-2}
 45535 | Depths:2 | Found a one-way gate leading to the halls of Pandemonium.
 45810 | Depths:2 | Identified the +2 flail of Geschu Qesy {speed, +Blink
                  | Dex+2}
 45916 | Depths:2 | Noticed a golden dragon
 45943 | Depths:1 | Killed a golden dragon
 46010 | Depths:2 | Found Qeddifah's Elemental Accessories.
 46017 | Depths:2 | Bought a wand of digging (1) for 71 gold pieces
 46742 | Elf:1    | Entered Level 1 of the Elven Halls
 46941 | Elf:1    | Reached skill level 5 in Translocations
 46950 | Elf:1    | Noticed Donald
 46996 | Elf:1    | Killed Donald
 47084 | Elf:1    | Noticed Jorgrun
 47095 | Elf:1    | Killed Jorgrun
 47124 | Elf:1    | Paralysed by an air elemental for 1 turns
 47689 | Orc:2    | Bought brightly glowing ice dragon scales for 2210 gold
                  | pieces
 47689 | Orc:2    | Identified the +7 ice dragon scales of Whack-A-Mole {+Inv
                  | rF- rC++ Stlth+} (You bought it in a shop on level 2 of the
                  | Orcish Mines)
 48084 | Elf:1    | Paralysed by an air elemental for 1 turns
 48552 | Elf:2    | Reached XP level 22. HP: 187/187 MP: 33/33
 48608 | Elf:2    | Received a gift from Okawaru
 48754 | Elf:2    | Found a runed translucent gate.
 48755 | Elf:2    | Found a runed translucent gate.
 48755 | Elf:2    | Found a runed translucent gate.
 48788 | Elf:2    | Received a gift from Okawaru
 49050 | Elf:2    | Identified the +0 robe of Okawaru's Generosity {Regen+ MP+9
                  | Str+5 Int-3} (Okawaru gifted it to you on level 2 of the
                  | Elven Halls)
 49050 | Elf:2    | Received a gift from Okawaru
 49799 | Vaults:5 | Entered Level 5 of the Vaults
 49799 | Vaults:5 | Noticed a dread lich
 49811 | Vaults:5 | Reached skill level 5 in Spellcasting
 49815 | Vaults:5 | Killed a dread lich
 49894 | Vaults:5 | Reached skill level 10 in Evocations
 49986 | Vaults:5 | Noticed a golden dragon
 50005 | Vaults:5 | Identified the +3 falchion of the Hammering Seeker {holy,
                  | rF- Str+5 Stlth+}
 50013 | Vaults:5 | Killed a golden dragon
 50086 | Vaults:5 | Received a gift from Okawaru
 50094 | Vaults:5 | Identified the ring of Xom's Ringing Laughter {+Blink rF+
                  | Int-4 SInv}
 50392 | Vaults:5 | Identified the +3 hand axe of the Eternal Void {flame, rF+
                  | Int+4} (Okawaru gifted it to you on level 5 of the Vaults)
 50392 | Vaults:5 | Received a gift from Okawaru
 50404 | Vaults:5 | Identified the +11 dagger of Fixation {spect, Will+ rCorr
                  | Str+2}
 50627 | Vaults:4 | Reached skill level 10 in Shields
 50750 | Vaults:5 | Identified the +3 lajatang "Vax Dosch" {antimagic, rPois
                  | rC- Dex+4}
 50752 | Vaults:5 | Noticed Jory
 50754 | Vaults:5 | Gained mutation: Your presence sometimes corrodes or
                  | deforms those you injure. [demonic ancestry]
 50754 | Vaults:5 | Reached XP level 23. HP: 186/187 MP: 35/35
 50775 | Vaults:5 | Identified the +1 sling "No More Talking" {flame, rElec
                  | rPois}
 50776 | Vaults:5 | Killed Jory
 50776 | Vaults:5 | Received a gift from Okawaru
 51029 | Vaults:5 | Identified the +4 scale mail "Ciris" {rC+ Str+3 Dex-4}
 51582 | Vaults:5 | Got a silver rune of Zot
 52067 | Depths:3 | Found a radiant altar of Vehumet.
 52096 | Depths:3 | Received a gift from Okawaru
 53167 | Depths:4 | Entered Level 4 of the Depths
 53506 | Depths:3 | Received a gift from Okawaru
 53546 | Depths:3 | Found a one-way gate to the infinite horrors of the Abyss.
 53576 | Depths:3 | Identified the +6 halberd "Geucw" {heavy, rElec Int+3 SInv}
 53578 | Depths:3 | Got Logeapaxte's Disquisition on the Flammable Tempest
 53987 | Depths:4 | Noticed Vv
 54015 | Depths:4 | Killed Vv
 54181 | Depths:4 | Upgraded the game from 0.31-a0-202-g547052bce9 to
                  | 0.31-a0-204-g7da18cac08
 54347 | Depths:4 | Found a gate to the Realm of Zot.
 54363 | Depths:4 | Identified the +4 glaive "Ilafumn" {elec, rF- rN+ rCorr
                  | Dex+2}
 54708 | Depths:3 | Received a gift from Okawaru
 54717 | Depths:3 | Noticed a caustic shrike
 54720 | Depths:3 | Killed a caustic shrike
 54739 | Depths:3 | Gained mutation: You are completely covered in razor-sharp
                  | scales. (AC +3, Slay +3) [demonic ancestry]
 54739 | Depths:3 | Reached XP level 24. HP: 163/206 MP: 35/35
 54888 | Zot:1    | Entered Level 1 of the Realm of Zot
 54928 | Zot:1    | Received a gift from Okawaru
 56360 | Zot:1    | Noticed an orb of fire
 56380 | Zot:1    | Killed an orb of fire
 56467 | Zot:1    | Identified the +0 chain mail of Okawaru's Regard {rC+ Int+2
                  | Dex+4} (Okawaru gifted it to you on level 1 of the Realm of
                  | Zot)
 56467 | Zot:1    | Received a gift from Okawaru
 57182 | Zot:2    | Upgraded the game from 0.31-a0-204-g7da18cac08 to
                  | 0.31-a0-210-gccc998df9b
 58804 | Zot:3    | Identified the +5 chain mail of the Sea {Harm *Corrode MP+9
                  | Dex+8} (Okawaru gifted it to you on level 3 of the Realm of
                  | Zot)
 58804 | Zot:3    | Received a gift from Okawaru
 58976 | Zot:3    | Gained mutation: You sometimes gain power by taking damage.
                  | [demonic ancestry]
 58976 | Zot:3    | Reached XP level 25. HP: 217/217 MP: 35/35
 59907 | Zot:4    | Upgraded the game from 0.31-a0-210-gccc998df9b to
                  | 0.31-a0-214-gb37851dbb3
 60248 | Zot:4    | Upgraded the game from 0.31-a0-214-gb37851dbb3 to
                  | 0.31-a0-233-g139696dc86
 60747 | Arena    | Entered the Arena
 60894 | Zot:4    | Reached skill level 15 in Shields
 60936 | Zot:4    | Reached skill level 10 in Stealth
 61476 | Zot:5    | Entered Level 5 of the Realm of Zot
 62256 | Crypt:1  | Entered Level 1 of the Crypt
 62353 | Crypt:1  | Received a gift from Okawaru
 62372 | Crypt:1  | Learned a level 4 spell: Manifold Assault
 63000 | Crypt:2  | Received a gift from Okawaru
 63617 | Crypt:3  | Entered Level 3 of the Crypt
 63725 | Crypt:3  | Received a gift from Okawaru
 64366 | Crypt:3  | Noticed an ancient lich
 64394 | Crypt:3  | Killed an ancient lich
 65025 | Crypt:3  | Gained mutation: You can speak a Word of Chaos. [demonic
                  | ancestry]
 65025 | Crypt:3  | Reached XP level 26. HP: 130/208 MP: 36/36
 65227 | Crypt:3  | Noticed Mennas
 65257 | Crypt:3  | Killed Mennas
 65281 | Crypt:3  | Identified the staff of Success {Fly rElec rPois Dex+2 Air}
 65297 | Crypt:3  | Found the +27 heavy crossbow "Sniper" {heavy, Acc+∞ SInv}
 65497 | Crypt:3  | Found a staircase to the Tomb.
 65647 | Crypt:3  | Identified the +4 ring mail of Kugoexun {+Inv rN+ Int+6}
 65647 | Crypt:3  | Identified the ring "Pebbihem" {rElec rN+ SInv}
 65677 | Crypt:3  | Found an ancient bone altar of Kikubaaqudgha.
 65812 | Crypt:3  | Identified the ring "Waykahob" {rC+ rN+ Int+3}
 65887 | Crypt:3  | Reached skill level 10 in Translocations
 66165 | Crypt:3  | Identified the +2 falchion of a volcano {freeze, rN+}
 66213 | Crypt:3  | Identified the +7 plate armour "Dako" {Dex+2}
 66243 | Crypt:3  | Noticed a dread lich
 66255 | Crypt:3  | Received a gift from Okawaru
 66265 | Crypt:3  | Killed a dread lich
 67027 | Zot:5    | Noticed an ancient lich
 67045 | Zot:5    | Killed an ancient lich
 67318 | Zot:5    | Received a gift from Okawaru
 67455 | Zot:5    | Noticed an orb of fire
 67606 | Zot:5    | Noticed a dread lich
 67620 | Zot:5    | Killed a dread lich
 67652 | Zot:5    | Killed an orb of fire
 67656 | Zot:5    | Received a gift from Okawaru
 68083 | Zot:5    | Noticed an orb of fire
 68100 | Zot:5    | Killed an orb of fire
 68122 | Zot:5    | Noticed a dread lich
 68130 | Zot:5    | Killed a dread lich
 68308 | Zot:5    | Received a gift from Okawaru
 68366 | Zot:5    | Noticed an ancient lich
 68372 | Zot:5    | Killed an ancient lich
 68373 | Zot:5    | Gained mutation: You are powered by pain. [demonic
                  | ancestry]
 68373 | Zot:5    | Reached XP level 27. HP: 223/235 MP: 36/36
 68418 | Zot:5    | Identified the +1 hand axe "Feottu" {protect, Will- Dex+7}
 68613 | Zot:5    | Upgraded the game from 0.31-a0-233-g139696dc86 to
                  | 0.31-a0-237-g2d982f9f85
 68613 | Zot:5    | Upgraded the game from 0.31-a0-237-g2d982f9f85 to
                  | 0.31-a0-455-g1a7b003ef0
 68613 | Zot:5    | Upgraded the game from 0.31-a0-455-g1a7b003ef0 to
                  | 0.31-a0-460-g9e667d4245
 68657 | Zot:5    | Got the Orb of Zot
 68678 | Zot:5    | Received a gift from Okawaru
 69271 | D:$      | Escaped with the Orb!

Illustrated notes

Levels and vault maps discovered:
D:1:      dpeg_arrival_ternary, layout_basic
D:2:      layout_loops_ring, minmay_joined_circles
D:3:      layout_basic, uniq_natasha, uniq_crazy_yiuf_cottage, uniq_robin
D:4:      layout_loops_ring, grunt_temple_overflow_forces_of_nature,
          makhleb_altar_promises_db, mainiacjoe_overflow_alcove_2,
          minmay_temple_entry_grid, hex_tiny, minmay_manual_mess
D:5:      layout_basic, okawaru_metal_pillars_3, kennysheep_another_room,
          minmay_starry_boxes, uniq_edmund
D:6:      layout_gridville, nicolae_uskayaw_en_pointe, uniq_grinder
D:7:      layout_basic, kennysheep_small_square
D:8:      layout_gridville, lemuel_coloured_pillars_altar,
          nicolae_island_escapes, uniq_maggie
D:9:      layout_cave_pools, mainiacjoe_overflow_alcove_1, lemuel_round_altar,
          dk_yredelemnul_ordeal, minmay_lizard_king
D:10:     layout_basic, mainiacjoe_overflow_paths,
          gammafunk_temple_overflow_pools, mainiacjoe_overflow_alcove_4,
          lair_entry_dummy
D:11:     layout_stronghold, zombieorc2_lemuel, mrwooster_statue_mirror,
          uniq_harold, uniq_nergalle
D:12:     layout_rooms, serial_shops, nicolae_shop_tiny_waterfront
D:13:     nzn_winding_woodlands_stair_cross [nzn_winding_woodlands_5x15_default,
          nzn_winding_woodlands_center_garden,
          nzn_winding_woodlands_5x15_split_checker,
          nzn_winding_woodlands_5x5_checkerboard,
          nzn_winding_woodlands_hourglass, nzn_winding_woodlands_5x15_crooked,
          nzn_winding_woodlands_center_triple_pond,
          nzn_winding_woodlands_5x15_twine], layout_cave_pools, david_vaults_5,
          serial_park, serial_park_square2, serial_park_square3
          [serial_park_minivault_5x5_1], hangedman_decor_growths,
          nicolae_two_hexagons, grunt_potential, uniq_sonja, uniq_frances,
          uniq_maurice
D:14:     wad_pebble_path, layout_rooms
D:15:     grunt_enter_depths_hoard, layout_loops_ring, nzn_wu_jian_council_hall,
          dreamdust_deal_with_the_devil, cheibriados_altar_1, uniq_roxanne
Temple:   nicolae_temple_superstar
Lair:1:   layout_small_grid, serial_bayou_shore_b
Lair:2:   layout_chaotic_city, swamp_mist, gammafunk_ghost_wrathful_warriors,
          grunt_megastairs_5
Lair:3:   layout_loops_ring, spider_nest_entry_funnel_web, gammafunk_ghost_hive,
          lemuel_oklob_altar
Lair:4:   layout_regular_city, ebering_ghost_disaster_area
Lair:5:   grunt_lair_end_beastmaster, layout_regular_city,
          dpeg_slime_entry_enclosed, serial_bayou_shore_a
Swamp:1:  nicolae_swamp_tree_isthmus, layout_basic_swamp,
          evilmike_swamp_ruin_house_2
Swamp:2:  layout_basic_swamp, evilmike_swamp_ruin_house_5, swamp_pool4,
          uniq_mlioglotl
Swamp:3:  layout_basic_swamp, evilmike_swamp_ruin_house_1
Swamp:4:  swamp_old_school, layout_basic_swamp, infiniplex_staircase_pool_2,
          uniq_bai_suzhen
Spider:1: layout_chambers
Spider:2: nicolae_spider_corner, hangedman_spider_tarantella_strand,
          uniq_arachne
Spider:3: layout_spider_delve, ebering_ghost_disaster_area
Spider:4: grunt_spider_rune_parallel
Orc:1:    layout_diamond_mine, biasface_ghost_orc_armoury, uniq_fannar,
          uniq_erica
Orc:2:    st_orc_open, layout_caves, basic_altar,
          portal_ice_cave_entry_pillars_1, minmay_shop_mayhem,
          guppyfry_library_mini, uniq_urug
Elf:1:    nicolae_elf_arrival_fired_up, layout_loops_cross,
          hangedman_elf_represent, hangedman_glass_teeth, billiards_dpeg,
          uniq_donald, uniq_jorgrun
Elf:2:    nicolae_elf_blades_crystal_corner, layout_gridlike
Vaults:1: portal_desolation_entry_nicolae_slug, nicolae_vaults_tetromino_L_1,
          vaults_room_hangedman_quadrants, nicolae_vaults_sesquioval_fish,
          dpeg_vaults_monster_row, v_alt_pattern_6,
          nicolae_vaults_double_plus_2, v_misc_22,
          nicolae_vaults_trapezoid_layered, nicolae_vaults_double_plus_1,
          layout_vaults_chaotic_city
Vaults:2: minmay_crypt_entry_simple_sparse, nicolae_vaults_variable_pillar_hall,
          v_misc_3, nicolae_vaults_ninety_degrees, nicolae_vaults_turnstiles,
          nicolae_vaults_double_plus_3, v_misc_25,
          nicolae_vaults_layer_cake_slice, nicolae_vaults_wine_cellar,
          nicolae_vaults_trapezoid_1, hangedman_vaults_cutoff,
          nicolae_vaults_little_ls, nicolae_vaults_lightning_bolt,
          grunt_vaults_twisty, nicolae_vaults_trapezoid_lopsided_2,
          layout_vaults_maze_snakey
Vaults:3: nicolae_vaults_trapezoid_1, nicolae_vaults_doubleplus_tesselated,
          v_misc_18, nicolae_vaults_library_corner, v_misc_33,
          grunt_vaults_swirl, vaults_dpeg_diagonal, nicolae_vaults_tangram_2,
          vaults_dpeg_spiral, hangedman_vaults_nodes,
          vaults_mumra_minichess_inversion, nicolae_vaults_tetromino_L_1,
          ontoclasm_vaults_loading_screen, layout_vaults_big_cross
Vaults:4: v_misc_9, nicolae_vaults_door_testing_chamber,
          nicolae_vaults_tetromino_Z_2, vaults_mumra_hexcomb,
          nicolae_vaults_windows_and_doors_thing, v_pattern_4,
          vaults_dpeg_doors, nicolae_vaults_trapezoid_2, ontoclasm_vaults_chip,
          nicolae_vaults_security_offices_1, layout_vaults_omnigrid,
          enter_trove_5, uniq_sojobo
Vaults:5: uniq_jory
Crypt:1:  layout_rooms, minmay_misc_feat_ornament
Crypt:2:  layout_misc_corridors, lemuel_elevator
Crypt:3:  church_of_pain_bobbens, layout_chaotic_city, tomb_entry_shell_bobbens,
          st_small_mortuary, uniq_mennas
Depths:1: layout_long_grid, enter_ziggurat_c, hangedman_abyss_or_decor_passed,
          pf_hell_entry_tar_spiral, minmay_multi_spiral
Depths:2: minmay_the_grid_octo_tiled_octocenter_mashed
          [minmay_the_grid_octo_empty, minmay_the_grid_octo_vomiting_pacman,
          minmay_the_grid_octo_concentric, minmay_the_grid_octo_focus,
          minmay_the_grid_octo_prize_big_c,
          minmay_the_grid_square_5x5_misaligned,
          minmay_the_grid_square_5x5_three,
          minmay_the_grid_square_5x5_eight_small,
          minmay_the_grid_square_5x5_trominoes], layout_cave_shapes,
          hellmouth_1, pan_entry, kennysheep_nondescript,
          nicolae_elemental_shop, infiniplex_staircase_pool_lava
Depths:3: minmay_isolated_rectangles_in_corner, layout_basic, abyss_entry,
          fiery_altar_vehumet, grunt_mini_vestibule
Depths:4: evilmike_zot_entry_basic, layout_cave_pools, hell_entry,
          serial_sigils_hangedman_quiver,
          nicolae_concentric_dashed_squares_mild, uniq_vv
Zot:1:    layout_gridlike
Zot:2:    layout_gridlike, st_stairs_8
Zot:3:    layout_onion_interference, grunt_ministairs_4
Zot:4:    layout_onion_interference, zot_minivault_1
Zot:5:    layout_concentric_octagons, grunt_ministairs_1

Skill      XL: |  1  2  3  4  5  6  7  8  9 10 11 12 13 14 15 16 17 18 19 20 21 22 23 24 25 26 27 |
---------------+----------------------------------------------------------------------------------+-----
Stealth        | 1 2 4 5 6 7 9 10 | 10.0
Axes           | 2 3 5 7 8 10 13 14 16 17 18 | 18.2
Throwing       | 1 2 3 4 5 6 7 9 10 11 12 14 | 14.9
Dodging        | 2 3 4 5 6 9 10 11 | 11.0
Fighting       | 5 6 7 8 10 11 14 16 19 20 22 23 | 23.0
Armour         | 3 5 6 7 8 9 10 11 12 14 16 19 20 21 22 23 | 23.3
Evocations     | 5 6 7 8 10 11 | 11.5
Ranged Weapons | 2 |  2.7
Invocations    | 4 6 8 9 10 11 12 13 14 15 16 18 | 18.0
Transmutations | 3 5 6 7 8 |  8.0
Spellcasting   | 1 2 3 4 5 |  5.0
Shields        | 2 5 6 10 12 14 15 | 15.0
Translocations | 5 6 9 11 12 | 12.0
Shapeshifting  | 6 |  6.6

Action                     |  1- 3 |  4- 6 |  7- 9 | 10-12 | 13-15 | 16-18 | 19-21 | 22-24 | 25-27 || total
---------------------------+-------+-------+-------+-------+-------+-------+-------+-------+-------++-------
  Melee: Hand axe          |    85 |   141 |   276 |   284 |       |       |       |       |       ||   786
         Punch             |     1 |     1 |     1 |    11 |    11 |     1 |       |       |       ||    26
         Headbutt          |       |    24 |    55 |   118 |   168 |   263 |   336 |   346 |   390 ||  1700
         Dagger            |       |     1 |       |       |       |       |       |       |       ||     1
         Kick              |       |       |       |    16 |    11 |     4 |     9 |       |       ||    40
         Broad axe         |       |       |       |   161 |   555 |   742 |   961 |   912 |  1167 ||  4498
         War axe           |       |       |       |       |    92 |   237 |       |       |       ||   329
   Fire: Sling             |       |       |     4 |    10 |       |       |       |       |       ||    14
  Throw: Boomerang         |     2 |    25 |    35 |    34 |   132 |    87 |    75 |    71 |     6 ||   467
         Dart              |       |     6 |     9 |   121 |    47 |    32 |     6 |     7 |     3 ||   231
         Stone             |       |       |     4 |       |       |       |       |       |       ||     4
         Javelin           |       |       |       |     2 |     6 |    37 |    25 |    31 |    62 ||   163
         Throwing net      |       |       |       |       |     1 |       |     2 |     1 |     2 ||     6
   Cast: Beastly Appendage |       |       |       |     4 |     2 |     2 |     1 |       |       ||     9
         Wereblood         |       |       |       |     6 |     6 |    20 |    16 |    28 |    13 ||    89
         Apportation       |       |       |       |       |       |       |       |       |     1 ||     1
         Manifold Assault  |       |       |       |       |       |       |       |       |    43 ||    43
 Invoke: Heroism           |       |       |       |     7 |     7 |     9 |     8 |     7 |     5 ||    43
         Finesse           |       |       |       |     1 |     7 |     6 |     2 |     6 |     5 ||    27
         Duel              |       |       |       |       |       |       |       |       |     1 ||     1
  Evoke: Wand              |       |     4 |     5 |    14 |    33 |    25 |    13 |     9 |     7 ||   110
         Removed chess pie |       |       |       |     2 |     3 |     1 |     4 |     2 |     2 ||    14
         Tin of tremorston |       |       |       |       |       |       |     4 |     4 |     2 ||    10
         Lightning rod     |       |       |       |       |       |       |       |     4 |     4 ||     8
    Use: Scroll            |     1 |       |    15 |    13 |     4 |    14 |     7 |     4 |    13 ||    71
         Potion            |       |       |     1 |     3 |     3 |    11 |     2 |     5 |    15 ||    40
   Stab: Distracted        |       |     1 |     1 |       |     3 |     3 |     2 |       |       ||    10
         Sleeping          |       |     1 |     8 |     9 |     4 |    16 |    12 |       |       ||    50
         Invisible         |       |       |       |       |       |     8 |     5 |     5 |     4 ||    22
         Held in net/web   |       |       |       |       |       |       |       |     1 |       ||     1
 Armour: Robe              |    21 |    33 |    24 |       |       |       |       |       |       ||    78
         Leather armour    |       |       |    24 |       |       |       |       |       |       ||    24
         Steam dragon scal |       |       |       |    66 |       |       |       |       |       ||    66
         Scale mail        |       |       |       |    22 |   213 |   443 |    55 |       |       ||   733
         Plate armour      |       |       |       |       |       |       |   386 |   505 |   461 ||  1352
  Dodge: Dodged            |    56 |    85 |   244 |   398 |   445 |   896 |   484 |   449 |   455 ||  3512
  Block: Buckler           |       |       |       |       |    14 |   341 |   218 |       |       ||   573
         Reflection        |       |       |       |       |       |     4 |     7 |    18 |     6 ||    35
         Kite shield       |       |       |       |       |       |       |     5 |   444 |   767 ||  1216

Table legend: (Time is in decaauts)
 A = Elapsed time spent in this place.
 B = Non-inter-level travel time spent in this place.
 C = Inter-level travel time spent in this place.
 D = Time resting spent in this place.
 E = Time spent auto-exploring this place.
 F = Levels seen in this place.
 G = Mean time per level.
                   A        B        C        D        E       F      G
               +--------+--------+--------+--------+--------+-----+--------+
         Total |  68503 |  54910 |  13593 |   5881 |  30945 |  53 | 1292.5 |
       Dungeon |  19157 |  13738 |   5419 |   1036 |   9108 |  15 | 1277.1 |
        Temple |    104 |     89 |     15 |      0 |     80 |   1 |  104.0 |
          Lair |   8865 |   6805 |   2060 |    201 |   4121 |   5 | 1773.0 |
         Swamp |   4059 |   3366 |    693 |    510 |   1766 |   4 | 1014.8 |
   Spider Nest |   4994 |   4199 |    795 |    354 |   2410 |   4 | 1248.5 |
  Orcish Mines |   1845 |   1201 |    644 |    203 |    622 |   2 |  922.5 |
   Elven Halls |   2102 |   1911 |    191 |     90 |   1227 |   2 | 1051.0 |
        Vaults |   7812 |   6754 |   1058 |    704 |   4064 |   5 | 1562.4 |
         Crypt |   3577 |   3355 |    222 |    336 |   1500 |   3 | 1192.3 |
        Depths |   6491 |   5158 |   1333 |    833 |   2460 |   4 | 1622.8 |
           Zot |   7843 |   6684 |   1159 |   1536 |   3028 |   5 | 1568.6 |
      Ice Cave |    501 |    501 |      0 |     62 |    164 |   1 |  501.0 |
    Desolation |   1135 |   1135 |      0 |     11 |    393 |   1 | 1135.0 |
         Arena |     12 |     12 |      0 |      0 |      0 |   1 |   12.0 |
               +--------+--------+--------+--------+--------+-----+--------+

Top non-repeatable levels by time:
  Lair:1: 2657 daAuts
Vaults:4: 2123 daAuts
    D:13: 2106 daAuts
Depths:1: 2089 daAuts
    D:11: 2070 daAuts
   Zot:5: 2042 daAuts
Depths:3: 1988 daAuts
   Zot:1: 1986 daAuts
 Crypt:3: 1981 daAuts
  Lair:4: 1930 daAuts
    D:10: 1884 daAuts
     D:3: 1791 daAuts
Vaults:1: 1736 daAuts
   Zot:4: 1631 daAuts
  Lair:3: 1609 daAuts
